 Dungeon Crawl Stone Soup version 0.30-b1-2-g02819fbbbe (webtiles) character file.

Game seed: 4117832041985174448

62 snakesoul the Grave Robber (level 3, -4/19 HPs)
             Began as a Deep Elf Necromancer on June 13, 2023.
             Slain by a gnoll
             ... wielding a +0 spear
              (5 damage)
             ... on level 4 of the Dungeon.
             The game lasted 00:03:56 (2352 turns).

snakesoul the Grave Robber (Deep Elf Necromancer)   Turns: 2352, Time: 00:03:56

Health: -4/19      AC:  3    Str:  5    XL:     3   Next: 85%
Magic:  3/10       EV: 12    Int: 21    God:
Gold:   121        SH:  0    Dex: 15    Spells: 6/10 levels left

rFire   . . .        c - +0 dagger (protect)
rCold   . . .        k - sphere of Battle
rNeg    . . .        a - +0 robe
rPois   .            j - +0 helmet
rElec   .            (no cloak)
rCorr   .            (no gloves)
SInv    .            (no boots)
Will    .....        (no amulet)
Stlth   ++           (no ring)
HPRegen 0.23/turn    (no ring)
MPRegen 0.12/turn

%: no passive effects
@: no status effects
A: no striking features
a: no special abilities


You were on level 4 of the Dungeon.
You visited 1 branch of the dungeon, and saw 4 of its levels.

You collected 121 gold pieces.

Inventory:

Hand Weapons
 c - a +0 dagger of protection (weapon)
Missiles
 l - a throwing net
Armour
 a - a +0 robe (worn)
 j - a +0 helmet (worn)
 k - the sphere of Battle (worn)
   (You found it on level 3 of the Dungeon)

   It enhances your destructive magic.
   It weakens your non-destructive magic.
   It summons a battlesphere in combat, with strength depending on Conjurations
   skill.
Scrolls
 d - a scroll of vulnerability {unknown}
 f - 2 scrolls of magic mapping {unknown}
 g - a scroll of poison {unknown}
 h - a scroll of amnesia {unknown}
 m - a scroll of immolation {unknown}
 n - a scroll of enchant armour {unknown}
Potions
 b - a potion of magic
 e - 2 potions of curing {unknown}
 i - a potion of lignification {unknown}
 o - a potion of cancellation {unknown}


   Skills:
 - Level 2.4 Dodging
 - Level 2.4 Stealth
 + Level 4.1 Spellcasting
 * Level 6.1 Necromancy


You had 6 spell levels left.
You knew the following spells:

 Your Spells              Type           Power      Damage    Failure   Level
a - Necrotise             Necr           60%        1d7       1%          1
b - Vampiric Draining     Necr           15%        2d7       2%          3

Your spell library contained the following spells:

 Spells                   Type           Power      Damage    Failure   Level
 Animate Dead             Necr           15%        N/A       10%         4
 Agony                    Necr           15%        N/A       26%         5


Dungeon Overview and Level Annotations

Branches:
Dungeon (4/15)
 Temple: D:4-7

Altars:
Zin

Shops:
D:2 (   D:3 (*!*:


Message History

Your battlesphere wavers and loses cohesion.
Your ball python skeleton crumbles into dust!
Magic restored.
Things that are here:
a +0 club; a worm corpse
Found a leather armour.
Found a stone staircase leading up.
e - 2 ruby potions (gained 1)
A gnoll comes into view. It is wielding a +0 spear.
You conjure a globe of magical energy.
You can't see any susceptible monsters within range! (Use Z to cast anyway.)
You can't see any susceptible monsters within range! (Use Z to cast anyway.) 2 gnolls come into view.
A gnoll is wielding a +2 antimagic halberd.
You feel a numb sensation.
The gnoll shouts!
The gnoll writhes in agony.
The gnoll shouts! x2
You feel a numb sensation.
The gnoll writhes in agony!
You feel a numb sensation.
The gnoll barely resists.
The gnoll hits you with a +0 club.
A gnoll comes into view. It is wielding a +0 spear.
You feel a numb sensation.
The gnoll writhes in agony.
The gnoll shouts!
The gnoll hits you with a +0 club! The gnoll barely misses you.
You are too injured to fight recklessly!
You are too injured to fight recklessly!
Casting: Necrotise (safe; 1% risk of failure)
Confirm with . or Enter, or press ? or * to list all spells.
Aiming: Necrotise (safe; 1% risk of failure)
Press: ? - help, Shift-Dir - straight line, f/p - gnoll
Aim: a gnoll, wielding a +0 club (almost dead, chance to affect: 79%)
You feel a numb sensation.
The gnoll writhes in agony.
You kill the gnoll!
The dead are walking!
The gnoll hits you from afar with a +2 antimagic halberd.
* * * LOW HITPOINT WARNING * * *
You feel your power leaking away.
The gnoll hits you from afar with a +0 spear.
You die...

....................
..............[....
...................
##................#
.....#............##..
.#........#<#.......##
.#..##....####..###..#
.......#.)#.....)#g..#.#
......##.......*@Zg..g.#
....#..#..#...[..#......
.>#.....####.....# .....
..#.....# #.##... ####
.##..##...........#
....####.####.....#
.#..# .# ....## .#### ..
.....# .# ...


You could see 3 gnolls, a friendly battlesphere and a friendly gnoll skeleton.

Vanquished Creatures
  A gnoll (D:4)
  An adder (D:3)
  A worm (D:4)
  2 dart slugs
  4 endoplasms
  3 giant cockroaches
  7 goblins
  4 hobgoblins
  3 jackals (D:1)
  4 kobolds
  A quokka (D:2)
  6 ball pythons
  2 bats
  A frilled lizard (D:1)
40 creatures vanquished.

Vanquished Creatures (collateral kills)
  A ball python (D:2)
1 creature vanquished.

Grand Total: 41 creatures vanquished

Notes
Turn   | Place    | Note
-------+----------+-------------------------------------------
     0 | D:1      | snakesoul the Deep Elf Necromancer began the quest for the
                  | Orb.
     0 | D:1      | Reached XP level 1. HP: 10/10 MP: 6/6
   122 | D:1      | Reached skill level 5 in Necromancy
   193 | D:1      | Reached XP level 2. HP: 11/15 MP: 1/8
   404 | D:1      | Found a faded altar of an unknown god.
   753 | D:2      | Identified the +7 plate armour "Fahaqio Neho" {rN+ Dex+3}
   908 | D:2      | Reached XP level 3. HP: 19/19 MP: 7/10
   912 | D:2      | Learned a level 3 spell: Vampiric Draining
  1019 | D:2      | Found Kaan's Weapon Shoppe.
  1339 | D:3      | Found Kessar's Book Boutique.
  1399 | D:3      | Found a glowing silver altar of Zin.
  1452 | D:3      | Found the sphere of Battle
  1514 | D:3      | Reached skill level 6 in Necromancy
  1552 | D:3      | Found Oskoqoyh's Assorted Antiques.
  1620 | D:3      | Found Leomih's Distillery.
  1845 | D:3      | Found Itwempal's Weapon Shop.
  2035 | D:3      | Found Jeptaeb's General Store.
  2352 | D:4      | Slain by a gnoll

Illustrated notes

Levels and vault maps discovered:
D:1:      scummos_arrival_simple_fountains, layout_loops_ring,
          dreamdust_ecumenical_altar_angels_and_demons, feat_on_display
D:2:      layout_rooms, serial_shops, shop, palyth_stone_intersect,
          minmay_tree_intersection, minmay_misc_feat_encased
D:3:      layout_loops_corners, zin_academy, serial_shops,
          nicolae_shop_tiny_real_fake_doors, shop_fountains, shop,
          nicolae_shop_tiny_statue_garden, shop
D:4:      layout_cave_pools, mainiacjoe_overflow_catwalk, nicolae_stop_n_shop_2,
          uniq_eustachio

Skill      XL: |  1  2  3 |
---------------+----------+-----
Necromancy     | 5 6 |  6.1
Spellcasting   | 4 |  4.1
Dodging        | |  2.4
Stealth        | |  2.4

Action                     || total
---------------------------++-------
  Melee: Dagger            ||     4
   Cast: Necrotise         ||    65
         Vampiric Draining ||     2
 Armour: Robe              ||     4
  Dodge: Dodged            ||    17
